Map: Acropolis LE

Players

Ziggy - Winner!

  • Race: Terran Terran
  • Spawn Location: 5:00

Taldan

  • Race: Protoss Protoss
  • Spawn Location: 11:00

VOD

Have the link to the VOD?

Description

Time

  • Played on: Sept. 6, 2019, 1:37 p.m.
  • Length: 2:45
Show
View Real Time Build Order
Export as new Build Order

Ziggy Terran - Winner!

Build Orders:  

Get SALT Encoding   

  12  0:00  SCV  
  13  0:12  SCV  
  14  0:17  Supply Depot  
  14  0:25  SCV  
  15  0:28  Refinery  
  15  0:38  SCV  
  16  0:44  Barracks  
  16  0:50  SCV  
  17  1:03  SCV  
  18  1:15  SCV  
  19  1:28  Engineering Bay  
  19  1:32  Orbital Command, Reaper  
  20  1:47  Bunker  
  20  1:52  Factory  
  20  1:58  SCV  
  21  2:04  Marine  
  22  2:13  Supply Depot  
  22  2:21  Supply Depot  
  22  2:27  SCV  
Show
View Real Time Build Order
Export as new Build Order

Taldan Protoss 

Build Orders:  

Get SALT Encoding   

  12  0:00  Probe  
  13  0:13  Probe  
  14  0:25  Probe  
  15  0:42  Pylon  
  15  1:00  Gateway  
  15  1:02  Gateway  
  15  1:04  Gateway  
  15  1:10  Forge  
  15  1:18  Probe  
  16  1:40  Pylon  
  16  1:42  Zealot x2  
  16  1:51  Zealot  
  22  2:00  Photon Cannon  
  22  2:07  Pylon  
  22  2:09  Zealot  
  23  2:29  Pylon  
Tags
 
Matchup
PvT
Player
Ziggy
Spawn Locations
Cross Positions
Add a new tag
Caveats
  • Supply blocks, unpowered buildings, or Contaminate may cause inaccurate times.
  • Supply counts are checked every 10 seconds.